[Event "Titled Tuesday Blitz March 21 Early 2023"]
[White "Miszler, Levente"]
[Black "Skliarov, Viktor"]
[WhiteFideId "763276"]
[BlackFideId "14106736"]
[WhiteElo "2176"]
[BlackElo "2289"]
[Result "0-1"]
[Round "10"]
[TimeControl "180+2"]
[Date "2023.03.21"]
[WhiteClock "0:00:46"]
[BlackClock "0:00:05"]

1. Nf3 g6 2. c4 Bg7 3. g3 Nf6 4. Bg2 O-O 5. Nc3 d6 6. O-O e5 7. d3 Nc6 8. Rb1 a5 9. a3 Be6 10. b4 axb4 11. axb4 Qd7 12. b5 Nd8 13. Bb2 Bh3 14. Ra1 Bxg2 15. Kxg2 Ne6 16. Qb3 Nc5 17. Qc2 Rfe8 18. Rxa8 Rxa8 19. Ra1 Rxa1 20. Bxa1 Qe8 21. Nd2 Qa8 22. Qa2 Qxa2 23. Nxa2 Nfd7 24. Nb4 Nb6 25. Nd5 Nxd5 26. cxd5 f5 27. Nc4 Nd7 28. e4 Kf7 29. Kf3 Ke7 30. Bc3 Nc5 31. Ke3 Bh6+ 32. f4 b6 33. exf5 gxf5 34. d4 exf4+ 35. gxf4 Ne4 36. Be1 Bg7 37. Bh4+ Bf6 38. Bxf6+ Nxf6 39. Kd3 Nxd5 40. Ne3 Nxf4+ 41. Kc4 Ke6 42. h4 h5 43. Nf1 d5+ 44. Kc3 Ng2 45. Ng3 f4 46. Nxh5 f3 47. Kd3 Nxh4 48. Ke3 Nf5+ 49. Kd3 Kd6 50. Nf6 f2 51. Ke2 Nxd4+ 52. Kxf2 Nxb5 53. Ke3 Na7 54. Ne8+ Kc6 55. Kd4 Nb5+ 56. Kd3 Nd6 57. Nf6 Nf5 58. Kc3 Kc5 59. Nd7+ Kd6 60. Nf6 c5 61. Ne8+ Kc6 62. Nf6 b5 63. Kb3 b4 64. Ng4 Nd4+ 65. Kb2 Kb5 66. Ne3 Kc6 67. Ng4 Nf3 68. Nf6 c4 69. Ng4 Kc5 70. Ne3 c3+ 71. Kb3 Nd4+ 72. Ka2 Nb5 73. Kb3 Nd6 74. Nc2 d4 75. Nxb4 Nb5 76. Nd3+ Kd5 77. Nb4+ Ke4 78. Kc4 Na3+ 79. Kb3 Nb1 80. Kc2 Nd2 81. Nd3 Nf3 82. Nc5+ Ke3 83. Nd3 Ng1 84. Ne5 Nh3 85. Nc4+ Ke2 86. Ne5 Nf4 87. Nc4 d3+ 88. Kxc3 Nd5+ 89. Kd4 Nb6 90. Nb2 d2 91. Kc3 Na4+ 92. Nxa4 d1=Q 93. Kb4 Qd4+ 94. Kb3 Kf3 95. Nc3 Qb6+ 96. Kc2 Qc5 97. Kd2 Kf4 98. Kd3 Qd6+ 99. Kc4 Ke3 100. Nd5+ Ke4 101. Nc3+ Ke5 102. Kb3 Qc5 103. Na4 Qc6 104. Nc3 Kd4 105. Na2 Qc4+ 106. Ka3 Qb5 107. Nb4 Kc4 108. Nc2 Qb3# 0-1


[Site "https://www.chess.com"]

[Event "Titled Tuesday Blitz March 21 Early 2023"]
[White "Cuenca Jimenez, Jose Fernando"]
[Black "Eynullayev, Atilla"]
[WhiteFideId "2255570"]
[BlackFideId "13413570"]
[WhiteElo "2429"]
[BlackElo "2181"]
[Result "1-0"]
[Round "10"]
[TimeControl "180+2"]
[Date "2023.03.21"]
[WhiteClock "0:00:02"]
[BlackClock "0:00:02"]

1. c4 Nf6 2. Nc3 e6 3. Nf3 d5 4. d4 Nbd7 5. Bf4 Bb4 6. e3 c5 7. a3 Bxc3+ 8. bxc3 Qa5 9. Qb3 O-O 10. Nd2 b6 11. Be2 Ba6 12. Ra2 Rfe8 13. Bg3 e5 14. dxe5 Nxe5 15. Bxe5 Rxe5 16. Nf3 dxc4 17. Bxc4 Bxc4 18. Qxc4 Re4 19. Qd3 c4 20. Qc2 Rd8 21. Nd4 Qg5 22. O-O Rg4 23. g3 Re4 24. Qe2 Rc8 25. a4 h5 26. Qf3 g6 27. Rb2 Rc5 28. Rb5 Rxb5 29. axb5 h4 30. Ra1 Re7 31. Rd1 Ne4 32. Rc1 f5 33. Kg2 Qf6 34. Qf4 Re5 35. Qxh4 Qxh4 36. gxh4 a6 37. bxa6 Ra5 38. f3 Nc5 39. Rb1 Rxa6 40. Kg3 Ra3 41. Rxb6 Kg7 42. Rc6 Nd3 43. Rxc4 Ra2 44. Rc7+ Kf6 45. Rc6+ Kg7 46. Ne6+ Kf7 47. Nf4 Ne5 48. Rc5 Nd7 49. Rc7 Ke8 50. Nxg6 Nf6 51. Re7+ Kd8 52. Re5 f4+ 53. Kxf4 Rxh2 54. Kg5 Nh7+ 55. Kh6 Nf6 56. Rf5 Nd7 57. Kg7 Rg2 58. h5 Nc5 59. Rxc5 1-0


[Site "https://www.chess.com"]

[Event "Titled Tuesday Blitz March 21 Early 2023"]
[White "Khamdamova, Afruza"]
[Black "Al-Tarboush, Ward"]
[WhiteFideId "14210444"]
[BlackFideId "7601450"]
[WhiteElo "2210"]
[BlackElo "2257"]
[Result "0-1"]
[Round "10"]
[TimeControl "180+2"]
[Date "2023.03.21"]
[WhiteClock "0:00:37"]
[BlackClock "0:02:04"]

1. e4 e6 2. d4 d5 3. Nd2 c5 4. Ngf3 cxd4 5. exd5 Qxd5 6. Bc4 Qd6 7. O-O Nf6 8. Nb3 Nc6 9. Nbxd4 Nxd4 10. Nxd4 Be7 11. Nb5 Qxd1 12. Rxd1 O-O 13. Nc7 Rb8 14. Bf4 Bd7 15. Be5 Bc6 16. Nxe6 fxe6 17. Bxe6+ Kh8 18. Bxb8 Rxb8 19. c4 Bc5 20. Bd5 Nxd5 21. cxd5 Bd7 22. Rac1 b6 23. a3 Rf8 24. Rd2 h5 25. b4 Bd6 26. g3 Rf3 27. Kg2 Rxa3 28. Rb1 h4 29. Rdb2 h3+ 30. Kf1 Bf5 31. Re1 Bd3+ 32. Kg1 Be4 33. b5 Bxd5 34. Rd1 Bf3 35. Rc1 Rd3 36. Ra2 Bc5 37. Rxa7 Rd2 38. Rf1 Bg2 0-1


[Site "https://www.chess.com"]

[Event "Titled Tuesday Blitz March 21 Early 2023"]
[White "wqws"]
[Black "Sreyas Payyappat"]
[BlackFideId "46674969"]
[WhiteElo "2623"]
[BlackElo "2083"]
[Result "1-0"]
[Round "10"]
[TimeControl "180+2"]
[Date "2023.03.21"]
[WhiteClock "0:02:08"]
[BlackClock "0:01:40"]

1. e4 c6 2. d4 d5 3. e5 Bf5 4. h4 Qc7 5. Nf3 e6 6. Bd3 Ne7 7. Bg5 Bxd3 8. Qxd3 c5 9. c3 Nbc6 10. a3 cxd4 11. cxd4 Qb6 12. b4 Nf5 13. Be3 a5 14. b5 Na7 15. a4 Rc8 16. O-O Bb4 17. Nbd2 O-O 18. Rac1 Rc7 19. g4 Nxe3 20. fxe3 Rfc8 21. Rxc7 Qxc7 22. Ng5 Qc2 23. Qxc2 Rxc2 24. Nb3 Rc7 25. b6 1-0


[Site "https://www.chess.com"]

[Event "Titled Tuesday Blitz March 21 Early 2023"]
[White "Alex_Sahakyan2006"]
[Black "Tomaszewski, Kacper"]
[BlackFideId "1127373"]
[WhiteElo "2616"]
[BlackElo "2211"]
[Result "1-0"]
[Round "10"]
[TimeControl "180+2"]
[Date "2023.03.21"]
[WhiteClock "0:00:13"]
[BlackClock "0:00:11"]

1. e4 e6 2. d4 d5 3. Bd3 Nc6 4. exd5 exd5 5. c3 Bd6 6. Nf3 Nge7 7. Qc2 Bg4 8. Nbd2 Qd7 9. h3 Bh5 10. Nf1 Bg6 11. Be3 O-O-O 12. O-O-O Nf5 13. Bg5 f6 14. Bd2 Kb8 15. Ne3 Nxe3 16. Bxe3 Bxd3 17. Qxd3 Ne7 18. Rde1 Qf5 19. Kc2 Rhe8 20. Bd2 Qxd3+ 21. Kxd3 Ng6 22. g3 Kc8 23. h4 h5 24. Rxe8 Rxe8 25. Rg1 Ne7 26. Ne1 Kd7 27. Ng2 g6 28. Nf4 Bxf4 29. Bxf4 Nf5 30. f3 c6 31. a4 Rg8 32. Be3 Re8 33. Bf2 Nd6 34. b3 g5 35. g4 hxg4 36. Rxg4 gxh4 37. Bxh4 Nf5 38. Bf2 Rh8 39. Rg2 Rh3 40. Ke2 Ke6 41. Be1 Rh1 42. Rg8 Rh2+ 43. Bf2 Rh1 44. Rb8 Rh7 45. a5 a6 46. c4 Re7 47. c5 Kd7+ 48. Kd3 Kc7 49. Rf8 Re6 50. Rf7+ Ne7 51. Bh4 Kd7 52. Bxf6 Re1 53. Rxe7+ Rxe7 54. Bxe7 Kxe7 55. Ke3 Kf6 56. Kf4 Ke6 57. Kg5 1-0


[Site "https://www.chess.com"]

[Event "Titled Tuesday Blitz March 21 Early 2023"]
[White "Fernandez Hernandez, Arturo A."]
[Black "Pinheiro, Iung Alicio de O."]
[WhiteFideId "3509230"]
[BlackFideId "2104350"]
[WhiteElo "2393"]
[BlackElo "2283"]
[Result "1-0"]
[Round "10"]
[TimeControl "180+2"]
[Date "2023.03.21"]
[WhiteClock "0:00:28"]
[BlackClock "0:00:02"]

1. e4 c5 2. Nc3 Nc6 3. Bb5 Nd4 4. Bc4 e6 5. Nf3 a6 6. Nxd4 cxd4 7. Ne2 Nf6 8. d3 d5 9. exd5 Nxd5 10. O-O Bc5 11. Nf4 Nf6 12. Nh5 O-O 13. Qf3 Be7 14. Nxf6+ Bxf6 15. a4 e5 16. b3 Rb8 17. Ba3 Re8 18. a5 Be6 19. Bc5 Qd7 20. h3 Be7 21. Bb6 Bb4 22. Ra4 Bc3 23. Bxe6 Rxe6 24. Rc4 Rc8 25. Qd5 Qe8 26. Qxb7 Ra8 27. Qe4 h6 28. Rc7 Rc8 29. Rxc8 Qxc8 30. f4 exf4 31. Qxf4 Rf6 32. Qe4 Rxf1+ 33. Kxf1 Bd2 34. Bxd4 Qxc2 35. Qe8+ Kh7 36. Qe4+ Kg8 37. Kg1 Qc1+ 38. Kf2 Bg5 39. Kg3 Qc7+ 40. Kf3 Qxa5 41. Qe8+ Kh7 42. Qxf7 1-0


[Site "https://www.chess.com"]

[Event "Titled Tuesday Blitz March 21 Early 2023"]
[White "Lorenzo De La Riva, Lazaro"]
[Black "Jeet, Jain"]
[WhiteFideId "2268809"]
[BlackFideId "5073022"]
[WhiteElo "2294"]
[BlackElo "2067"]
[Result "1-0"]
[Round "10"]
[TimeControl "180+2"]
[Date "2023.03.21"]
[WhiteClock "0:00:17"]
[BlackClock "0:00:03"]

1. c4 Nf6 2. Nc3 g6 3. g3 Bg7 4. Bg2 O-O 5. e4 c5 6. Nge2 Nc6 7. d3 d6 8. h3 Qd7 9. Rb1 b6 10. a3 a5 11. Be3 Bb7 12. O-O Ne8 13. Nd5 Ra6 14. b4 axb4 15. axb4 Nd4 16. b5 Ra2 17. Nec3 Ra3 18. Nxb6 Qd8 19. Nba4 Qa5 20. Bd2 Qa8 21. Bc1 Rxc3 22. Nxc3 f5 23. Bb2 e6 24. Ra1 Qd8 25. Re1 f4 26. gxf4 Rxf4 27. Bc1 Rf7 28. f4 Qh4 29. Rf1 Nxb5 30. Nxb5 Bxa1 31. Qa4 Bg7 32. Qa5 Bh6 33. Qb6 Qg3 34. Nxd6 Nxd6 35. Qxd6 Bc8 36. Bd2 Rf8 37. Rf3 Qh4 38. Qxc5 Qf6 39. e5 Qf5 40. Qf2 Bb7 41. Rg3 Bxg2 42. Qxg2 Bxf4 43. Rf3 Qxe5 44. Bxf4 Rxf4 45. Rxf4 Qxf4 46. Qe4 Qg5+ 47. Kh2 Kf7 48. d4 Qd2+ 49. Kg3 Ke7 50. c5 Qc3+ 51. Kf4 Qd2+ 52. Qe3 Qh2+ 53. Kg5 Qg2+ 54. Kh6 Qd5 55. Qe5 Qf3 56. Kxh7 Qxh3+ 57. Kg8 Qg4 58. c6 Qf5 59. Qg7+ Kd6 60. Qd7# 1-0


[Site "https://www.chess.com"]

[Event "Titled Tuesday Blitz March 21 Early 2023"]
[White "Melikhov, Evgeny V."]
[Black "Vakhlamov, Igor L."]
[WhiteFideId "4122046"]
[BlackFideId "24126748"]
[WhiteElo "2158"]
[BlackElo "2400"]
[Result "0-1"]
[Round "10"]
[TimeControl "180+2"]
[Date "2023.03.21"]
[WhiteClock "0:00:10"]
[BlackClock "0:00:47"]

1. d4 d5 2. c4 e6 3. Nc3 c5 4. cxd5 cxd4 5. Qa4+ Bd7 6. Qxd4 exd5 7. Qxd5 Nf6 8. Qd1 Bc5 9. e3 O-O 10. Nf3 Qe7 11. Be2 Rd8 12. O-O Nc6 13. Nd5 Nxd5 14. Qxd5 Bg4 15. Qc4 Bh5 16. b4 Bxb4 17. Bb2 Rac8 18. Rac1 Nd4 19. Qxc8 Nxe2+ 20. Kh1 Nxc1 21. Rxc1 Bxf3 22. gxf3 Rxc8 23. Rxc8+ Qf8 24. Rxf8+ Kxf8 25. f4 g6 26. e4 Ke7 27. Kg2 Kd6 28. Kf3 Bd2 29. Be5+ Ke6 30. Ke2 Bb4 31. Bb8 a6 32. e5 Kf5 33. Kf3 Bd2 34. Bc7 b5 35. Bb8 a5 36. Bc7 a4 37. Bb8 b4 38. Bc7 b3 39. axb3 axb3 0-1


[Site "https://www.chess.com"]

[Event "Titled Tuesday Blitz March 21 Early 2023"]
[White "Vaglio Munoz, Jaime"]
[Black "Tanenbaum, Zachary"]
[WhiteFideId "6500145"]
[BlackFideId "2060850"]
[WhiteElo "2199"]
[BlackElo "2175"]
[Result "1-0"]
[Round "10"]
[TimeControl "180+2"]
[Date "2023.03.21"]
[WhiteClock "0:00:56"]
[BlackClock "0:00:21"]

1. Nf3 d5 2. c4 d4 3. b4 c5 4. bxc5 Nc6 5. g3 e5 6. d3 Bxc5 7. Bg2 Nf6 8. O-O h6 9. Ba3 Qe7 10. Qa4 O-O 11. Bxc5 Qxc5 12. Qa3 Qxa3 13. Nxa3 a6 14. Nd2 Bg4 15. Rfe1 Nd7 16. h3 Be6 17. Rab1 Nc5 18. Rb6 Bd7 19. Nc2 Na5 20. Nb4 Na4 21. Rd6 Be6 22. Nb3 Nxb3 23. axb3 Nc3 24. Rb6 a5 25. Nc2 a4 26. bxa4 Rxa4 27. Nb4 Rfa8 28. Bxb7 Ra1 29. Rxa1 Rxa1+ 30. Kg2 Nxe2 31. Bf3 Nc3 32. Nd5 Ra2 33. Be4 Nd1 34. Rb8+ Bc8 35. Rxc8# 1-0


[Site "https://www.chess.com"]

[Event "Titled Tuesday Blitz March 21 Early 2023"]
[White "Cherniaiev, Tykhon"]
[Black "Sanchez Alvares, Kelvin Antonio"]
[WhiteFideId "14182360"]
[BlackFideId "3906680"]
[WhiteElo "2450"]
[BlackElo "2217"]
[Result "0-1"]
[Round "10"]
[TimeControl "180+2"]
[Date "2023.03.21"]
[WhiteClock "0:00:11"]
[BlackClock "0:00:49"]

1. Nf3 d5 2. d4 Nf6 3. c4 c6 4. Nc3 e6 5. e3 Nbd7 6. b3 Bb4 7. Bd2 Qe7 8. Bd3 dxc4 9. bxc4 e5 10. dxe5 Nxe5 11. Nxe5 Qxe5 12. Qb3 a5 13. a3 Bd6 14. f4 Qe7 15. O-O O-O 16. Rae1 Bc5 17. Kh1 Rd8 18. Na4 Bxa3 19. e4 Bb4 20. Bxb4 Qxb4 21. Qc2 Be6 22. Rb1 Qa3 23. Rf3 Ng4 24. h3 Rxd3 25. hxg4 Rxf3 26. gxf3 Qxf3+ 27. Qg2 Qxf4 28. Nc5 Bxg4 29. Nd3 Qf3 30. Rxb7 Rd8 31. Ne5 Rd1+ 32. Kh2 Qf4+ 33. Qg3 Rd2+ 34. Kh1 Qf1+ 35. Qg1 Qh3+ 36. Qh2 Qxh2# 0-1


[Site "https://www.chess.com"]

[Event "Titled Tuesday Blitz March 21 Early 2023"]
[White "Preotu, Razvan"]
[Black "Escanor89"]
[WhiteFideId "2613280"]
[WhiteElo "2407"]
[BlackElo "2459"]
[Result "1-0"]
[Round "10"]
[TimeControl "180+2"]
[Date "2023.03.21"]
[WhiteClock "0:02:18"]
[BlackClock "0:01:34"]

1. e4 c5 2. Nf3 e6 3. c3 d5 4. exd5 Qxd5 5. d4 Nf6 6. Na3 Be7 7. Nb5 Qd8 8. dxc5 Nbd7 9. Nd6+ Kf8 10. Ng5 Bxd6 11. cxd6 e5 12. Bc4 Nb6 13. Nxf7 1-0


[Site "https://www.chess.com"]

[Event "Titled Tuesday Blitz March 21 Early 2023"]
[White "Korchmar, Vasiliy"]
[Black "Gonzalez, Francisco Silva"]
[WhiteFideId "24131750"]
[BlackFideId "1512285"]
[WhiteElo "2370"]
[BlackElo "2074"]
[Result "1-0"]
[Round "10"]
[TimeControl "180+2"]
[Date "2023.03.21"]
[WhiteClock "0:01:49"]
[BlackClock "0:01:35"]

1. e4 e5 2. Nf3 Nc6 3. Bc4 Bc5 4. c3 Nf6 5. d3 d6 6. Bg5 h6 7. Bh4 g5 8. Bg3 Bb6 9. Nbd2 Bg4 10. O-O Rg8 11. b4 a6 12. a4 Nh5 13. Kh1 Qe7 14. a5 Ba7 15. b5 axb5 16. Bxb5 Nxg3+ 17. fxg3 Bd7 18. a6 Rb8 19. Nc4 Nd8 20. Bxd7+ Qxd7 21. axb7 Rxb7 22. d4 f6 23. Nfxe5 dxe5 24. Rxf6 g4 25. Nxe5 Qe7 26. Qa4+ c6 27. Raf1 Rb2 28. Rxc6 Nxc6 29. Qxc6+ Kd8 30. Qd5+ Kc7 31. Qxg8 Qf6 32. Qc4+ Qc6 33. Qxc6+ Kd8 34. Qd7# 1-0


[Site "https://www.chess.com"]

[Event "Titled Tuesday Blitz March 21 Early 2023"]
[White "Gontcharov, Vladislav"]
[Black "Shevtchenko, Olesya"]
[WhiteFideId "4123492"]
[BlackFideId "24131890"]
[WhiteElo "2470"]
[BlackElo "2003"]
[Result "1-0"]
[Round "10"]
[TimeControl "180+2"]
[Date "2023.03.21"]
[WhiteClock "0:00:44"]
[BlackClock "0:00:04"]

1. d4 Nf6 2. c4 e6 3. Nc3 d5 4. Bg5 Be7 5. e3 h6 6. Bh4 c5 7. dxc5 Bxc5 8. cxd5 exd5 9. Bxf6 Qxf6 10. Qxd5 Nd7 11. Bb5 Bb4 12. Qe4+ Be7 13. Nf3 a6 14. Bxd7+ Bxd7 15. Qxb7 Bc6 16. Qb6 O-O 17. Qd4 Qg6 18. O-O-O Bf6 19. Ne5 Qxg2 20. f4 Qxh1 21. Rxh1 Bxh1 22. Qd1 Bb7 23. Nd7 Rfd8 24. Nxf6+ gxf6 25. Qg1+ Kf8 26. Qg3 Rac8 27. Qh4 Ke7 28. f5 Bf3 29. Qxh6 Rd1+ 30. Kc2 Rf1 31. Qh4 Bd1+ 32. Kd3 Rd8+ 33. Kc4 Bc2 34. Nd5+ 1-0


[Site "https://www.chess.com"]

[Event "Titled Tuesday Blitz March 21 Early 2023"]
[White "Demin, Vladimir"]
[Black "Forgacs, Attila Jr."]
[WhiteFideId "4167457"]
[BlackFideId "773654"]
[WhiteElo "2629"]
[BlackElo "2168"]
[Result "0-1"]
[Round "10"]
[TimeControl "180+2"]
[Date "2023.03.21"]
[WhiteClock "0:02:03"]
[BlackClock "0:02:11"]

1. e4 e5 2. Nf3 Nc6 3. Bb5 a6 4. Bxc6 dxc6 5. O-O Bg4 6. h3 Bh5 7. g4 Bg6 8. Nxe5 Qh4 9. Qf3 f6 10. Nxg6 hxg6 11. Kg2 g5 12. d3 Ne7 13. Qg3 Qh7 14. f4 Ng6 15. fxg5 Bd6 16. Qe3 fxg5 17. e5 Nf4+ 18. Kf2 Qh4+ 19. Qg3 Bc5+ 20. Kf3 Qxg3+ 21. Kxg3 Rxh3# 0-1


[Site "https://www.chess.com"]

[Event "Titled Tuesday Blitz March 21 Early 2023"]
[White "Orlov, Georgi"]
[Black "Van Osch, Mees"]
[WhiteFideId "2011271"]
[BlackFideId "1035967"]
[WhiteElo "2620"]
[BlackElo "2324"]
[Result "1-0"]
[Round "10"]
[TimeControl "180+2"]
[Date "2023.03.21"]
[WhiteClock "0:00:09"]
[BlackClock "0:00:06"]

1. e4 e6 2. d4 c5 3. Nf3 cxd4 4. Nxd4 Nf6 5. Nc3 Bb4 6. e5 Nd5 7. Bd2 Nxc3 8. bxc3 Be7 9. Qg4 O-O 10. Bd3 Nc6 11. Bh6 g6 12. Bxf8 Bxf8 13. Nxc6 bxc6 14. O-O Qa5 15. Qd4 c5 16. Qc4 Bb7 17. Qb5 Qc7 18. Rfe1 Bd5 19. Rab1 Bxa2 20. Qb7 Qd8 21. Be4 Bxb1 22. Qxa8 Qxa8 23. Bxa8 Bxc2 24. Ra1 d6 25. exd6 Bxd6 26. Rxa7 c4 27. Bc6 Be5 28. Be8 Bf5 29. Rxf7 Bxc3 30. Rc7 Be5 31. Rxc4 Kf8 32. Bd7 Ke7 33. Bc8 Kd6 34. Ra4 h5 35. h3 h4 36. f4 Bc3 37. Kf2 Kc7 38. Ba6 Kb6 39. Bc4 Kc5 40. Bb3 Bd4+ 41. Kf3 Bg1 42. Rc4+ Kd6 43. Rc1 Bc5 44. Bc2 Ba3 45. Rd1+ Kc5 46. Bxf5 exf5 47. Rd7 Bb2 48. Rd8 Kc6 49. Rg8 1-0


[Site "https://www.chess.com"]

[Event "Titled Tuesday Blitz March 21 Early 2023"]
[White "Ordekalog"]
[Black "Valle Maytin, Luis Enrique"]
[BlackFideId "3503666"]
[WhiteElo "2575"]
[BlackElo "2225"]
[Result "1-0"]
[Round "10"]
[TimeControl "180+2"]
[Date "2023.03.21"]
[WhiteClock "0:00:32"]
[BlackClock "0:00:02"]

1. d4 Nf6 2. c4 e6 3. Nc3 Bb4 4. Bd2 d5 5. Nf3 O-O 6. e3 c5 7. Rc1 Nc6 8. a3 Bxc3 9. Bxc3 cxd4 10. Nxd4 Ne4 11. Nxc6 bxc6 12. Be2 Nxc3 13. Rxc3 Rb8 14. Qd2 Qf6 15. O-O Rd8 16. b4 e5 17. cxd5 cxd5 18. Rfc1 Be6 19. Rc7 Ra8 20. R1c6 Qg5 21. f4 Qf5 22. Bd3 e4 23. Be2 h5 24. Qd4 h4 25. b5 g6 26. a4 Kh7 27. a5 Kg8 28. Kf2 Kh7 29. h3 Kg8 30. Bg4 Qxg4 31. hxg4 Bxg4 32. Rxg6+ 1-0


[Site "https://www.chess.com"]

[Event "Titled Tuesday Blitz March 21 Early 2023"]
[White "Crevatin, Leo"]
[Black "Liu, Casper"]
[WhiteFideId "1726307"]
[BlackFideId "1454153"]
[WhiteElo "2190"]
[BlackElo "2221"]
[Result "1-0"]
[Round "10"]
[TimeControl "180+2"]
[Date "2023.03.21"]
[WhiteClock "0:01:43"]
[BlackClock "0:01:40"]

1. d4 Nf6 2. Bf4 d6 3. e3 g6 4. Nf3 Bg7 5. h3 O-O 6. Be2 Nbd7 7. O-O c5 8. c3 cxd4 9. exd4 Re8 10. Bh2 Nd5 11. Nbd2 e5 12. dxe5 dxe5 13. Nc4 Nf4 14. Nd6 Nxe2+ 15. Qxe2 Re6 16. Rad1 Qe7 17. Nxc8 Rxc8 18. Rfe1 Re8 19. Qb5 e4 20. Rxd7 exf3 21. Rxe7 Rxe1+ 22. Rxe1 Rxe1+ 23. Qf1 Rxf1+ 24. Kxf1 fxg2+ 25. Kxg2 b5 26. Kf3 b4 27. cxb4 Bxb2 28. Ke4 Kf8 29. Kd5 Ke7 30. b5 1-0


[Site "https://www.chess.com"]

[Event "Titled Tuesday Blitz March 21 Early 2023"]
[White "Do Nascimento,Christian Almeida"]
[Black "Guzman Moneo, Alberto"]
[WhiteFideId "2143801"]
[BlackFideId "2209616"]
[WhiteElo "2125"]
[BlackElo "2157"]
[Result "1-0"]
[Round "10"]
[TimeControl "180+2"]
[Date "2023.03.21"]
[WhiteClock "0:00:05"]
[BlackClock "0:00:21"]

1. e4 c5 2. Nc3 g6 3. g3 Nc6 4. Bg2 Rb8 5. a4 a6 6. Nge2 b5 7. axb5 axb5 8. d3 b4 9. Nb1 Bg7 10. O-O Nf6 11. Bf4 d6 12. Qc1 O-O 13. Bh6 Nd4 14. Nxd4 cxd4 15. Bxg7 Kxg7 16. Nd2 e5 17. Nc4 Be6 18. b3 Qc7 19. f4 Bxc4 20. bxc4 Ng4 21. f5 f6 22. Qb2 Ne3 23. Rfb1 Rb7 24. Ra6 Rfb8 25. fxg6 hxg6 26. Qb3 Rb6 27. Ra4 R8b7 28. Bh3 Ra7 29. Rba1 Rxa4 30. Rxa4 Qc5 31. Be6 Kh6 32. h4 Qc7 33. Ra8 Rb8 34. Ra4 Qe7 35. Bd5 f5 36. Rxb4 Rxb4 37. Qxb4 f4 38. Qb8 fxg3 39. Qh8+ Qh7 40. Qf8+ Qg7 41. Qxd6 Kh5 42. Qd8 Kg4 43. Qg5+ Kf3 44. h5 Ng4 45. Qxg6 Qxg6 46. hxg6 Ke3 47. g7 Nf6 48. g8=Q Nxg8 49. Bxg8 Kd2 50. c5 Kxc2 51. c6 Kxd3 52. c7 Ke2 53. c8=Q d3 54. Bc4 Ke3 55. Bxd3 Kxd3 56. Qc6 Ke3 57. Kg2 Kf4 58. Qc3 Kxe4 59. Kxg3 Kf5 60. Qc5 Ke4 61. Qc4+ Ke3 62. Qd5 e4 63. Qe5 Kd3 64. Kf4 Kd2 65. Qxe4 Kd1 66. Qg2 Kc1 67. Ke3 Kd1 68. Qd2# 1-0


[Site "https://www.chess.com"]

[Event "Titled Tuesday Blitz March 21 Early 2023"]
[White "Kaufman, Raymond"]
[Black "Janaszak, Dawid"]
[WhiteFideId "2015056"]
[BlackFideId "1119206"]
[WhiteElo "2321"]
[BlackElo "2220"]
[Result "1-0"]
[Round "10"]
[TimeControl "180+2"]
[Date "2023.03.21"]
[WhiteClock "0:00:06"]
[BlackClock "0:00:54"]

1. c4 e6 2. g3 d5 3. Bg2 Nf6 4. Nf3 Be7 5. O-O O-O 6. b3 a5 7. Bb2 c6 8. e3 b5 9. cxb5 cxb5 10. Nc3 Ba6 11. d3 Nbd7 12. Re1 Nc5 13. d4 Nce4 14. Nxe4 Nxe4 15. Ne5 Bd6 16. Nc6 Qb6 17. Rc1 Rfc8 18. Ne5 b4 19. Bxe4 dxe4 20. Nc4 Qd8 21. d5 Bxc4 22. bxc4 exd5 23. Qxd5 Qe7 24. Qd4 f6 25. Red1 Bc5 26. Qd5+ Kh8 27. Qf5 Rd8 28. Rd5 Rxd5 29. cxd5 Bd6 30. Rc8+ Rxc8 31. Qxc8+ Qf8 32. Qe6 h6 33. Qxe4 a4 34. Qc4 Qb8 35. e4 b3 36. axb3 Qxb3 37. Qxb3 axb3 38. Kf1 Be5 39. d6 Bxd6 40. Ke2 Be5 41. Bxe5 fxe5 42. Kd3 b2 43. Kc2 Kh7 44. Kxb2 Kg6 45. f3 Kg5 46. Kc3 h5 47. h4+ Kf6 48. Kc4 g5 49. Kd5 g4 50. fxg4 hxg4 51. Kd6 1-0


[Site "https://www.chess.com"]

[Event "Titled Tuesday Blitz March 21 Early 2023"]
[White "Ruge, Edison"]
[Black "Ben Artzi, Ido"]
[WhiteFideId "4401000"]
[BlackFideId "2810913"]
[WhiteElo "2175"]
[BlackElo "2204"]
[Result "0-1"]
[Round "10"]
[TimeControl "180+2"]
[Date "2023.03.21"]
[WhiteClock "0:00:09"]
[BlackClock "0:01:09"]

1. e4 e5 2. Nf3 Nc6 3. Bb5 a6 4. Ba4 Nf6 5. Qe2 b5 6. Bb3 Be7 7. a4 Bb7 8. axb5 axb5 9. Rxa8 Qxa8 10. d3 O-O 11. O-O d6 12. Nc3 Na5 13. Nxb5 Nxb3 14. cxb3 Qa5 15. Na3 Ba6 16. Qc2 Rb8 17. Nc4 Qb5 18. Nfd2 Nd7 19. Rd1 Nc5 20. Nb1 Qxb3 21. Qxb3 Rxb3 22. Nc3 Nxd3 23. Rxd3 Bxc4 24. Rd1 c6 25. f3 f5 26. Kf2 f4 27. Ke1 Kf7 28. Kd2 Ke6 29. Kc2 g5 30. Bd2 d5 31. Ra1 d4 32. Nd1 Rb5 33. Kc1 Bd3 34. Nf2 Be2 35. Ra6 Rc5+ 0-1


[Site "https://www.chess.com"]

[Event "Titled Tuesday Blitz March 21 Early 2023"]
[White "Pniaczek, Marek"]
[Black "Larino Nieto, David"]
[WhiteFideId "21800421"]
[BlackFideId "2256444"]
[WhiteElo "2138"]
[BlackElo "2506"]
[Result "0-1"]
[Round "10"]
[TimeControl "180+2"]
[Date "2023.03.21"]
[WhiteClock "0:00:01"]
[BlackClock "0:00:11"]

1. e4 d5 2. exd5 Qxd5 3. Nc3 Qa5 4. Nf3 Nf6 5. d4 Nc6 6. d5 Nb4 7. Bc4 Bg4 8. O-O O-O-O 9. h3 Bh5 10. Bd2 Qc5 11. Bb3 Nbxd5 12. Nxd5 Nxd5 13. Qe2 e6 14. c4 Nb4 15. Be3 Qf5 16. g4 Bxg4 17. hxg4 Qxg4+ 18. Kh1 Bd6 19. Rfd1 g5 20. Ng1 Qf5 21. Qf3 Qg6 22. c5 g4 23. Qe2 Be5 24. c6 Nxc6 25. Rac1 Rdg8 26. Rxc6 Qe4+ 27. f3 gxf3 28. Qxf3 Rxg1+ 29. Kxg1 Qxf3 0-1


[Site "https://www.chess.com"]

[Event "Titled Tuesday Blitz March 21 Early 2023"]
[White "cryptoguru02"]
[Black "HSH1987"]
[WhiteElo "2457"]
[BlackElo "2668"]
[Result "1-0"]
[Round "10"]
[TimeControl "180+2"]
[Date "2023.03.21"]
[WhiteClock "0:00:13"]
[BlackClock "0:00:01"]

1. d4 Nf6 2. c4 c5 3. d5 b5 4. cxb5 a6 5. b6 d6 6. Nc3 g6 7. e4 Bg7 8. Nf3 O-O 9. Be2 Nbd7 10. O-O Nxb6 11. a4 a5 12. Bf4 Bg4 13. Nd2 Bxe2 14. Qxe2 Nfd7 15. Rfe1 Qc8 16. Ra2 Qb7 17. Nb5 Nb8 18. b3 Na6 19. Nc4 Nb4 20. Rd2 Nxc4 21. bxc4 f6 22. Bg3 Rf7 23. f4 Raf8 24. e5 fxe5 25. fxe5 dxe5 26. Qe3 e4 27. Qxe4 Qd7 28. h3 Bh6 29. Rde2 Bg5 30. Nc7 Bf4 31. Bxf4 Rxf4 32. Qe6+ Qxe6 33. Nxe6 Rxc4 34. Nxf8 Kxf8 35. Rxe7 Nxd5 36. Rxh7 Rxa4 37. Rd1 Rd4 38. Rxd4 cxd4 39. Ra7 d3 40. Kf2 Nc3 41. Ke3 a4 42. Kxd3 1-0


[Site "https://www.chess.com"]

[Event "Titled Tuesday Blitz March 21 Early 2023"]
[White "Bilan, Danila"]
[Black "Vlassov, Nikolai"]
[WhiteFideId "24161918"]
[BlackFideId "4103360"]
[WhiteElo "2182"]
[BlackElo "2324"]
[Result "0-1"]
[Round "10"]
[TimeControl "180+2"]
[Date "2023.03.21"]
[WhiteClock "0:00:24"]
[BlackClock "0:00:40"]

1. d4 Nf6 2. Nf3 e6 3. g3 b5 4. Bg2 Bb7 5. a4 b4 6. c4 bxc3 7. bxc3 c5 8. O-O Na6 9. Ba3 Be7 10. Nbd2 O-O 11. Nc4 Rc8 12. Qb3 Bd5 13. Nfd2 Rb8 14. Qc2 Bxg2 15. Kxg2 cxd4 16. cxd4 Bxa3 17. Rxa3 Qc7 18. Qd3 Rfc8 19. Rb1 Nb4 20. Qf3 Nc2 21. Rxb8 Rxb8 22. Rd3 Ne1+ 0-1


[Site "https://www.chess.com"]